 Dungeon Crawl Stone Soup version 0.21-a0-584-g185da8e (console) character file.

67081 nht the Carver (level 14, -10/108 HPs)
             Began as a Demonspawn Artificer on Dec 21, 2017.
             Was the Champion of Okawaru.
             Mangled by an orc warlord
             ... wielding a +1 long sword of holy wrath
              (53 damage)
             ... on level 2 of the Orcish Mines.
             The game lasted 01:06:17 (21202 turns).

nht the Carver (Demonspawn Artificer)              Turns: 21202, Time: 01:06:18

Health: -10/108    AC: 11    Str: 21    XL:     14   Next: 81%
Magic:  30/30      EV: 20    Int: 21    God:    Okawaru [******]
Gold:   1390       SH:  6    Dex: 20    Spells: 8/13 levels left

rFire    + + +     SeeInvis .   a - +3 dagger (venom)
rCold    + . .     Gourm    .   x - +0 buckler
rNeg     + . .     Faith    .   o - +0 robe "Qirrio" {*Drain +Inv rElec Int+4}
rPois    +         Spirit   .   E - +0 hat {Int+3}
rElec    +         Reflect  .   h - scarf {rC+ rF+}
rCorr    .         Harm     .   H - +1 pair of gloves
MR       +....     Clarity  +   d - +0 pair of boots "Otrargh" {rElec}
Stlth    ++++++....             V - amulet of Sazaelide {rElec rF+ Regen+ Int+2 Dex+4}
HPRegen  0.68/turn              F - ring "Rojafow" {rN+ Str+4 Stlth+}
MPRegen  0.22/turn              v - ring of Sif Muna's Displeasure {rPois rF++ MP+9 Int-3}

@: very slightly contaminated
A: antennae 1, iridescent scales 3, agile 1, clarity, clever 1, nightstalker 1,
powered by death 2
a: Heroism, Finesse, Renounce Religion, Evoke Invisibility


You were on level 2 of the Orcish Mines.
You worshipped Okawaru.
Okawaru was exalted by your worship.
You were not hungry.

You visited 4 branches of the dungeon, and saw 19 of its levels.
You also visited: Labyrinth, Trove and Volcano.

You collected 1768 gold pieces.
You spent 378 gold pieces at shops.

Inventory:

Hand Weapons
 a - a +3 dagger of venom (weapon)
 b - the +5 scimitar of the Final Decision {pain, rElec rC+ MR+++ Str-5}
   (Okawaru gifted it to you on level 6 of the Lair of Beasts)

   In the hands of one skilled in necromantic magic, it inflicts extra damage on
   living creatures.
   It affects your strength (-5).
   It protects you from cold.
   It insulates you from electricity.
   It affects your resistance to hostile enchantments.
 m - a +1 arbalest of flaming
 Q - the +1 scimitar "Tycwim" {freeze, +Blink rC+ Stlth+}
   (You found it on level 2 of the Lair of Beasts)

   It has been specially enchanted to freeze those struck by it, causing extra
   injury to most foes and up to half again as much damage against particularly
   susceptible opponents.
   It can also slow down cold-blooded creatures.
   It protects you from cold.
   It lets you blink.
   It makes you more stealthy.
Missiles
 c - a throwing net
 n - 21 bolts
 q - 15 curare-tipped needles
 r - 3 exploding tomahawks
 s - 10 javelins (quivered)
 K - 17 tomahawks
 O - 2 silver tomahawks
Armour
 d - the +0 pair of boots "Otrargh" (worn) {rElec}
   (You found it on level 3 of the Lair of Beasts)

   It insulates you from electricity.
 h - a scarf of resistance (worn)
 o - the +0 robe "Qirrio" (worn) {*Drain +Inv rElec Int+4}
   (You bought it in a shop on level 4 of the Dungeon)

   It affects your intelligence (+4).
   It insulates you from electricity.
   It lets you turn invisible.
   It causes draining when unequipped.
 p - the +2 scale mail of Resonance {-Cast rElec rPois Regen+, unknown}
   (You bought it in a shop on level 4 of the Dungeon)

   It insulates you from electricity.
   It protects you from poison.
   It prevents spellcasting.
   It increases your rate of regeneration.
 x - a +0 buckler (worn)
 E - a +0 hat of intelligence (worn)
 H - a +1 pair of gloves (worn)
Jewellery
 v - the ring of Sif Muna's Displeasure (right hand) {rPois rF++ MP+9 Int-3}
   (You found it in a treasure trove)

   [ring of magical power]

   It affects your intelligence (-3).
   It greatly protects you from fire.
   It protects you from poison.
   It affects your magic capacity (+9).
 z - an uncursed ring of resist corrosion
 A - the ring of Zin's No More Talking {rElec rC+ rN+ Int+3}
   (You found it in a treasure trove)

   [ring of protection from cold]

   It affects your intelligence (+3).
   It protects you from cold.
   It insulates you from electricity.
   It protects you from negative energy.
 C - an uncursed amulet of rage
 F - the ring "Rojafow" (left hand) {rN+ Str+4 Stlth+}
   (You found it in a treasure trove)

   [ring of strength]

   It affects your strength (+4).
   It protects you from negative energy.
   It makes you more stealthy.
 L - an uncursed ring of see invisible
 U - the amulet "Rirawawun" {Reflect +Fly rC+ MR+ SH+3}
   (You found it in a treasure trove)

   [amulet of reflection]

   It shields you and reflects attacks.
   It protects you from cold.
   It affects your resistance to hostile enchantments.
   It lets you fly.
   It affects your SH (+3).
 V - the amulet of Sazaelide (around neck) {rElec rF+ Regen+ Int+2 Dex+4}
   (You found it in a treasure trove)

   [amulet of regeneration]

   It affects your intelligence (+2).
   It affects your dexterity (+4).
   It protects you from fire.
   It insulates you from electricity.
   It increases your rate of regeneration.
 X - the ring "Maoth" {rN+ MR+ Str+2}
   (You found it in a treasure trove)

   [ring of positive energy]

   It affects your strength (+2).
   It protects you from negative energy.
   It affects your resistance to hostile enchantments.
 Y - the amulet "Weeziana" {Reflect rPois rF++ Str-3 SH+4 SInv}
   (You found it in a treasure trove)

   [amulet of reflection]

   It shields you and reflects attacks.
   It affects your strength (-3).
   It greatly protects you from fire.
   It protects you from poison.
   It lets you see invisible.
   It affects your SH (+4).
Wands
 j - a wand of polymorph (5)
 G - a wand of digging (16)
 R - a wand of disintegration (8)
 Z - a wand of paralysis (2)
Scrolls
 k - 4 scrolls of remove curse
 l - 5 scrolls of fear
 u - 5 scrolls of teleportation
 y - 5 scrolls of enchant armour
 S - 7 scrolls of enchant weapon
 W - a scroll of immolation
Potions
 e - a potion of invisibility
 g - 10 potions of curing
 t - 3 potions of agility
 w - 3 potions of flight
 B - a potion of mutation
 D - a potion of heal wounds
 J - a potion of might
 M - 2 potions of resistance
 P - a potion of cancellation
 T - 3 potions of berserk rage
Comestibles
 f - 23 rations
 i - 11 chunks of flesh


   Skills:
 - Level 9.5 Fighting
 - Level 10.0(12.0) Short Blades
 + Level 11.1(12.5) Long Blades
 + Level 4.8 Throwing
 - Level 9.2 Dodging
 - Level 9.0 Stealth
 - Level 4.0 Shields
 + Level 5.8 Hexes
 - Level 7.0 Invocations
 - Level 10.0 Evocations


You had 8 spell levels left.
You knew the following spells:

 Your Spells              Type           Power        Failure   Level  Hunger
a - Ensorcelled Hibernat  Hex/Ice        ##....       9%          2    ###....
b - Confuse               Hex            ###.....     4%          3    ####...


Dungeon Overview and Level Annotations

Branches:
Dungeon (10/15)            Temple (1/1) D:5            Lair (6/6) D:10
 Shoals (0/4) Lair:4       Spider (0/4) Lair:3        Slime (0/5) Lair:6
    Orc (2/2) D:9             Elf (0/3) Orc:2

Altars:
Ashenzari
Cheibriados
Dithmenos
Elyvilon
Fedhas
Gozag
Hepliaklqana
Kikubaaqudgha
Makhleb
Nemelex Xobeh
Okawaru
Qazlal
Ru
Sif Muna
Trog
Uskayaw
Vehumet
Wu Jian
Xom
Yredelemnul
Zin
The Shining One
Jiyva

Shops:
D:4 :%[*[


Innate Abilities, Weirdness & Mutations

You have a pair of small antennae on your head.
You are completely covered in iridescent scales. (AC +6)
You are slightly more attuned to the shadows.
You regenerate health from kills.
You are agile. (Dex +2)
You possess an exceptional clarity of mind.
Your mind is acute. (Int +2)


Message History

The orc warlord resists with some effort.
The orc warlord closely misses you.
Evoke which item? (* to show all) (? for menu, Esc to quit)
Aiming: Paralyse
Press: ? - help, Shift-Dir - straight line, f/p - orc warlord
Aim: an orc warlord, wielding a long sword of holy wrath and wearing a plate armour (moderately wounded, unusually strong, chance to defeat MR: 37%)
The orc warlord resists with some effort.
The orc warlord hits you with a long sword of holy wrath!!!
You convulse!!
You hear a shout! x2
Evoke which item? (* to show all) (? for menu, Esc to quit)
Aiming: Paralyse
Press: ? - help, Shift-Dir - straight line, f/p - orc warlord
Aim: an orc warlord, wielding a long sword of holy wrath and wearing a plate armour (moderately wounded, unusually strong, chance to defeat MR: 37%)
The orc warlord resists with some effort.
The orc high priest no longer looks unusually strong.
The orc knight roars a battlecry!
The orc high priest goes into a battle-frenzy!
The orc warlord hits you with a long sword of holy wrath!!!
You die... .....█ ....██ █████

..███ █...█ .)..██ ██.... ..)..█
█..... ..^.██ ███..... .....██
██.█..... ....█.██ █...<....
.......████ █........
.o.oo...█o███████████████........
.......█.ooo§§§o@...(........█...
.........3██████████....<<..███..
.........██ ██........█.████


██████████ █.........███ ██ ██........██ ██. ██........███.. ██.█..........
███.......... █.█........ ███........ ██....... You could see an orc warlord, an
orc knight and an orc high priest.

Vanquished Creatures
  Gastronok (D:8)
  An orc warlord (Orc:2)
  A stone giant (Orc:2)
  A dire elephant (Lair:6)
  A red draconian (Volcano)
  Josephine (D:10)
  The ghost of SpeedyPerson7 the Severer, a journeyman MiBe of Trog (Lair:1)
  A minotaur (Lab)
  The ghost of sithsevirus the Zephyrmancer, a novice DrAE of Sif Muna (D:9)
  A catoblepas (Lair:6)
  10 hydras
  A two-headed ogre (D:9)
  A deep troll shaman (Lair:6)
  11 death yaks
  Sonja (Lair:4)
  An orc high priest (Orc:2)
  Pikel (D:7)
  An orc knight (Orc:1)
  An oklob plant (Lair:3)
  An orc sorcerer (Orc:1)
  A manticore (Lair:4)
  4 elephants (Lair:6)
  A torpor snail (Lair:6)
  6 black mambas
  Psyche (D:8)
  2 molten gargoyles (Volcano)
  A gargoyle (Lab)
  11 spiny frogs
  3 rime drakes
  10 komodo dragons
  A yaktaur (Volcano)
  2 polar bears (Lair:6)
  2 trolls
  2 jumping spiders (Lair:3)
  10 blink frogs
  13 hippogriffs
  Duvessa (D:4)
  Sigmund (D:4)
  3 wyverns
  4 wraiths (D:10)
  Eustachio (D:4)
  5 fire bats
  41 yaks
  3 basilisks
  A steam dragon (D:9)
  6 wolves
  5 hungry ghosts
  2 wargs
  11 water moccasins
  9 porcupines
  5 ice beasts
  A sky beast (D:6)
  2 black bears
  26 orc warriors
  A necrophage (D:9)
  16 ogres
  6 centaurs
  A phantom (D:6)
  12 crocodiles
  A big kobold (D:9)
  21 bullfrogs
  An earth elemental (Lab)
  2 wyvern zombies
  2 scorpions
  2 killer bees (D:9)
  8 wights
  5 electric eels
  3 howler monkeys (D:8)
  3 lava snakes (Volcano)
  A quasit (D:10)
  5 crimson imps
  3 bullfrog zombies
  4 jellies
  15 orc priests
  6 hounds
  A bullfrog skeleton (D:8)
  A centaur skeleton (D:4)
  22 orc wizards
  An iguana (D:10)
  Ijyb (D:4)
  3 worker ants
  A killer bee zombie (D:5)
  A hound skeleton (D:6)
  A worker ant zombie (D:8)
  2 howler monkey skeletons
  13 adders
  A hound simulacrum (D:8)
  2 river rats (Lair:6)
  2 shadow imps
  A white imp (D:8)
  An ufetubus (D:8)
  An ooze (D:3)
  An adder zombie (D:5)
  3 worms
  2 dart slugs (D:1)
  2 adder simulacra (D:8)
  5 leopard geckos
  61 orcs
  2 ball pythons (D:3)
  10 bats
  4 giant cockroaches
  11 goblins
  11 hobgoblins
  14 jackals
  3 quokkas
  4 frilled lizards
  5 kobolds
  A leopard gecko simulacrum (D:8)
  2 quokka skeletons
  10 rats
  A butterfly (Lair:1)
  2 plants
563 creatures vanquished.

Vanquished Creatures (collateral kills)
  A hungry ghost (D:7)
  A bullfrog (D:10)
  Dowan (D:4)
  A wight (D:10)
  A bullfrog zombie (D:10)
  A hound (D:4)
  An adder (D:4)
  3 orcs (D:4)
  A jackal (D:4)
11 creatures vanquished.

Vanquished Creatures (others)
  A centaur warrior (Volcano)
  A howler monkey (D:4)
  A jelly (D:10)
  A jackal (D:7)
  11 fungi
  11 plants
26 creatures vanquished.

Grand Total: 600 creatures vanquished

Notes
Turn   | Place    | Note
-------+----------+-------------------------------------------
     0 | D:1      | nht the Demonspawn Artificer began the quest for the Orb.
     0 | D:1      | Reached XP level 1. HP: 15/15 MP: 3/3
    85 | D:1      | Reached skill level 1 in Short Blades
   184 | D:1      | Gained mutation: You are partially covered in iridescent scales. (AC +2) [demonic ancestry]
   184 | D:1      | Reached XP level 2. HP: 21/21 MP: 4/4
   507 | D:1      | Gained mutation: You regenerate a little health from kills. [demonic ancestry]
   507 | D:1      | Reached XP level 3. HP: 26/26 MP: 5/5
  1440 | D:2      | Gained mutation: You are slightly more attuned to the shadows. [demonic ancestry]
  1440 | D:2      | Reached XP level 4. HP: 32/32 MP: 6/6
  1989 | D:3      | Gained mutation: You regenerate health from kills. [demonic ancestry]
  1989 | D:3      | Reached XP level 5. HP: 37/37 MP: 7/7
  2606 | D:4      | Reached skill level 5 in Short Blades
  2656 | D:4      | Noticed Duvessa
  2658 | D:4      | Found Befem's Food Shoppe.
  2660 | D:4      | Noticed Dowan
  2668 | D:4      | Killed Dowan
  2687 | D:4      | Noticed Ijyb
  2693 | D:4      | Noticed Sigmund
  2694 | D:4      | Reached XP level 6. HP: 43/43 MP: 8/8
  2718 | D:4      | Gained mutation: Your mind is acute. (Int +2) [potion of mutation]
  2718 | D:4      | Gained mutation: You are agile. (Dex +2) [potion of mutation]
  2718 | D:4      | Gained mutation: You possess an exceptional clarity of mind. [potion of mutation]
  2720 | D:4      | HP: 2/43 [something (12)]
  3174 | D:4      | Killed Duvessa
  3207 | D:4      | Found Mefrialu's Book Boutique.
  3240 | D:4      | Killed Sigmund
  3240 | D:4      | Reached XP level 7. HP: 48/48 MP: 9/9
  3446 | D:4      | Found Wapt's Antique Armour Shoppe.
  3465 | D:4      | Found Baercho's Antique Armour Boutique.
  3472 | D:4      | Bought an ominously black robe for 108 gold pieces
  3472 | D:4      | Bought an ancient scale mail for 171 gold pieces
  3482 | D:4      | Identified the cursed +0 robe "Qirrio" {*Drain +Inv rElec Int+4} (You bought it in a shop on level 4 of the Dungeon)
  3538 | D:4      | Killed Ijyb
  3569 | D:4      | Noticed Eustachio
  3586 | D:4      | Killed Eustachio
  3776 | D:4      | Found Dedussith's Assorted Antiques.
  3783 | D:4      | Bought 2 black potions for 39 gold pieces
  3783 | D:4      | Bought a scroll labeled SUZOXI WYUR for 22 gold pieces
  3783 | D:4      | Bought a fuming ruby potion for 19 gold pieces
  3783 | D:4      | Bought a ruby potion for 19 gold pieces
  3856 | D:5      | Entered Level 5 of the Dungeon
  3870 | D:5      | Gained mutation: You have a pair of small antennae on your head. [demonic ancestry]
  3870 | D:5      | Reached XP level 8. HP: 49/54 MP: 7/11
  3876 | D:5      | Reached skill level 1 in Stealth
  4379 | D:5      | Found a staircase to the Ecumenical Temple.
  4733 | D:6      | Found a basalt altar of Yredelemnul.
  4733 | D:6      | Found a snail-covered altar of Cheibriados.
  4735 | D:6      | Found a shadowy altar of Dithmenos.
  4738 | D:6      | Reached skill level 5 in Evocations
  5219 | D:6      | Got a brightly glowing silver ring
  5221 | D:6      | Identified the ring of Curiosity {Fire rElec rN+ Str+2 Int-4} (You found it on level 6 of the Dungeon)
  5513 | D:6      | Reached XP level 9. HP: 57/59 MP: 11/13
  5978 | D:7      | Reached skill level 5 in Stealth
  5984 | D:7      | Noticed Pikel
  5999 | D:7      | Killed Pikel
  6420 | Temple   | Entered the Ecumenical Temple
  6669 | Temple   | Became a worshipper of Warmaster Okawaru
  6837 | D:8      | Noticed a death yak
  6898 | D:8      | Reached skill level 10 in Short Blades
  6898 | D:8      | Gained mutation: You are mostly covered in iridescent scales. (AC +4) [demonic ancestry]
  6898 | D:8      | Reached XP level 10. HP: 37/65 MP: 15/15
  7011 | D:8      | Noticed Psyche
  7017 | D:8      | Killed Psyche
  7017 | D:8      | Reached * piety under Okawaru
  7383 | D:8      | Noticed Gastronok
  7401 | D:8      | Killed Gastronok
  7401 | D:8      | Reached ** piety under Okawaru
  8112 | D:8      | Killed a death yak
  8334 | D:9      | Noticed sithsevirus's ghost (novice DrAE)
  8350 | D:8      | Reached *** piety under Okawaru
  8371 | D:9      | Reached skill level 10 in Evocations
  8371 | D:9      | Reached XP level 11. HP: 63/70 MP: 18/18
  8373 | D:9      | Reached skill level 1 in Shields
  8550 | D:9      | Killed sithsevirus's ghost
  8749 | D:9      | Noticed a two-headed ogre
  8751 | D:9      | Found a sacrificial altar of Ru.
  8756 | D:9      | Killed a two-headed ogre
  8756 | D:9      | Reached **** piety under Okawaru
  9187 | D:9      | Reached skill level 5 in Dodging
  9346 | D:9      | Found a staircase to the Orcish Mines.
  9510 | D:10     | Entered Level 10 of the Dungeon
  9603 | D:10     | Reached ***** piety under Okawaru
  9634 | D:10     | Noticed Josephine
  9718 | D:10     | Killed Josephine
  9748 | D:10     | Received a gift from Okawaru
 10334 | D:10     | Found a staircase to the Lair.
 10796 | D:10     | Found a portal to a secret trove of treasure.
 11036 | D:10     | Reached skill level 5 in Fighting
 11090 | Trove    | Entered a treasure trove
 11095 | Trove    | Got a sparkling bronze amulet
 11097 | Trove    | Got a shimmering pewter amulet
 11099 | Trove    | Got a pitted garnet amulet
 11101 | Trove    | Got a steaming platinum ring
 11103 | Trove    | Got a pitted golden amulet
 11105 | Trove    | Got a wavering amethyst amulet
 11113 | Trove    | Got a warped amethyst amulet
 11121 | Trove    | Got a brightly glowing lead ring
 11128 | Trove    | Got a translucent iron ring
 11136 | Trove    | Got a scintillating amber ring
 11141 | Trove    | Identified the ring of Zin's No More Talking {rElec rC+ rN+ Int+3} (You found it in a treasure trove)
 11143 | Trove    | Identified the ring of Sif Muna's Displeasure {rPois rF++ MP+9 Int-3} (You found it in a treasure trove)
 11145 | Trove    | Identified the ring "Rojafow" {rN+ Str+4 Stlth+} (You found it in a treasure trove)
 11147 | Trove    | Identified the ring "Maoth" {rN+ MR+ Str+2} (You found it in a treasure trove)
 11208 | Lair:1   | Entered Level 1 of the Lair of Beasts
 11322 | Lair:1   | Reached XP level 12. HP: 86/86 MP: 19/19
 11329 | Lair:1   | Noticed SpeedyPerson7's ghost (journeyman MiBe)
 11381 | Lair:1   | Killed SpeedyPerson7's ghost
 11450 | Lair:1   | Identified the amulet "Fasch" {RegenMP MR+ Slay-4 SInv} (You found it in a treasure trove)
 11459 | Lair:1   | Noticed an eight-headed hydra
 11472 | Lair:1   | Killed an eight-headed hydra
 12459 | Lair:2   | Identified the amulet "Rirawawun" {Reflect +Fly rC+ MR+ SH+3} (You found it in a treasure trove)
 12519 | Lair:2   | Reached skill level 1 in Invocations
 12670 | Lair:2   | Noticed a four-headed hydra
 12692 | Lair:2   | Killed a four-headed hydra
 12716 | Lair:2   | Noticed a four-headed hydra
 12866 | Lair:2   | Killed a four-headed hydra
 13480 | Lair:2   | Got a steaming scimitar
 13481 | Lair:2   | Identified the cursed +1 scimitar "Tycwim" {freeze, +Blink rC+ Stlth+} (You found it on level 2 of the Lair of Beasts)
 13557 | Lair:3   | Found a hole to the Spider Nest.
 13784 | Lair:3   | Reached skill level 1 in Long Blades
 14270 | Lair:3   | Found a bloodstained altar of Trog.
 14273 | Lair:3   | Reached skill level 2 in Long Blades
 14273 | Lair:3   | Reached skill level 5 in Invocations
 14292 | Lair:3   | Identified the amulet of Sazaelide {rElec rF+ Regen+ Int+2 Dex+4} (You found it in a treasure trove)
 14324 | Lair:3   | Noticed a death yak
 14324 | Lair:3   | Noticed a death yak
 14326 | Lair:3   | Identified the amulet "Pimock" {Inacc Dex+3} (You found it in a treasure trove)
 14441 | Lair:3   | Noticed a death yak
 14441 | Lair:3   | Noticed a death yak
 14441 | Lair:3   | Noticed a death yak
 14446 | Lair:3   | Killed a death yak
 14446 | Lair:3   | Reached XP level 13. HP: 100/100 MP: 20/20
 14450 | Lair:3   | Reached skill level 3 in Long Blades
 14459 | Lair:3   | Got a pair of crude boots
 14470 | Lair:3   | Identified the +0 pair of boots "Otrargh" {rElec} (You found it on level 3 of the Lair of Beasts)
 14779 | Lair:3   | Identified the amulet "Weeziana" {Reflect rPois rF++ Str-3 SH+4 SInv} (You found it in a treasure trove)
 14780 | Lair:3   | Identified the amulet "Huplaheop" {Harm *Drain Dex+3} (You found it in a treasure trove)
 14943 | Lair:4   | Noticed Sonja
 14953 | Lair:4   | Killed Sonja
 15033 | Lair:4   | Found a labyrinth entrance.
 15134 | Lair:4   | Found a staircase to the Shoals.
 15151 | Lab      | Entered a labyrinth
 15305 | Lab      | Reached skill level 4 in Long Blades
 15436 | Lab      | Noticed a minotaur
 15445 | Lab      | Killed a minotaur
 15445 | Lab      | Reached skill level 5 in Long Blades
 15638 | Lair:4   | Received a gift from Okawaru
 15790 | Lair:4   | Reached skill level 6 in Long Blades
 16360 | Lair:3   | Learned a level 2 spell: Ensorcelled Hibernation
 16364 | Lair:3   | Learned a level 3 spell: Confuse
 16464 | Lair:5   | Reached skill level 7 in Long Blades
 17201 | Lair:5   | Reached skill level 8 in Long Blades
 17863 | Lair:6   | Entered Level 6 of the Lair of Beasts
 18054 | Lair:6   | Found a viscous altar of Jiyva.
 18055 | Lair:6   | Found a staircase to the Slime Pits.
 18095 | Lair:6   | Reached skill level 9 in Long Blades
 18192 | Lair:6   | Gained mutation: You are completely covered in iridescent scales. (AC +6) [demonic ancestry]
 18192 | Lair:6   | Reached XP level 14. HP: 93/108 MP: 21/21
 18539 | Lair:6   | Reached skill level 1 in Hexes
 18825 | Lair:6   | Received a gift from Okawaru
 18825 | Lair:6   | Reached skill level 10 in Long Blades
 18827 | Lair:6   | Got a brightly glowing scimitar {god gift}
 18828 | Lair:6   | Identified the +5 scimitar of the Final Decision {pain, rElec rC+ MR+++ Str-5} (Okawaru gifted it to you on level 6 of the Lair of Beasts)
 18916 | Lair:6   | Reached skill level 1 in Throwing
 19159 | Lair:6   | Reached ****** piety under Okawaru
 19575 | Orc:1    | Entered Level 1 of the Orcish Mines
 20109 | Orc:2    | Entered Level 2 of the Orcish Mines
 20438 | Orc:2    | Noticed an orc warlord
 20462 | Orc:2    | Killed an orc warlord
 20462 | Orc:2    | Reached skill level 5 in Hexes
 20540 | Orc:2    | Noticed a stone giant
 20567 | Orc:2    | Killed a stone giant
 20727 | Orc:2    | Received a gift from Okawaru
 20757 | Orc:2    | Found a staircase to the Elven Halls.
 20764 | Orc:2    | Found a dark tunnel.
 20773 | Volcano  | Entered a volcano
 20860 | Volcano  | Found a bloodstained altar of Trog.
 20904 | Volcano  | Reached skill level 11 in Long Blades
 21182 | Orc:2    | Noticed an orc warlord
 21202 | Orc:2    | Mangled by an orc warlord

Vault maps used:
D:1:      mainiacjoe_arrival_reflecting_pool
D:2:      first_ration
D:4:      serial_shops, shop_coins, shop, shop, shop_statue,
          nicolae_shop_overgrown_old_shop, uniq_sigmund, uniq_duvessa,
          uniq_eustachio, uniq_ijyb
D:5:      minmay_temple_entry_glass
D:6:      minitemple
D:7:      cheibrodos_helix_gallery, uniq_pikel
D:8:      serial_ice, serial_ice_o, serial_ice_e, serial_ice_b, serial_ice_g,
          serial_ice_a, serial_ice_d, serial_ice_k, uniq_psyche, uniq_gastronok
D:9:      nicolae_ru_sacrificial_ziggurat, david_orc_4, blue_anna_alchemist
D:10:     david_lair_shrubbed, nicolae_trove_entry_columns, uniq_josephine
Temple:   hc_temple_tempest_star
Lair:1:   lemuel_fruit_fields
Lair:2:   cheibrodos_lair_overgrown_chateau, lemuel_fruit_fields
Lair:3:   spider_nest_entry_a, minmay_holes, lemuel_oklob_altar
Lair:4:   minmay_shoals_entry_beasts, lab_entry_generic, uniq_sonja
Lair:5:   hibernation_bobbens
Lair:6:   grunt_lair_end_beastmaster, slime_altar_1, pond
Orc:2:    st_orc_congregation, nicolae_volcano_entry_two_sided
Lab:      labyrinth_spiral, nicolae_lab_checkerboard, nicolae_lab_hexagon,
          nicolae_lab_arrow, nicolae_lab_plus
Trove:    trove_jewel_2
Volcano:  volcano_grotto

Skill      XL: |  1  2  3  4  5  6  7  8  9 10 11 12 13 14 |
---------------+-------------------------------------------+-----
Short Blades   | 1 2 3 4 5 7 8 9 10 | 10.0
Evocations     | 4 5 7 10 | 10.0
Stealth        | 4 6 9 |  9.0
Dodging        | 2 7 9 |  9.2
Shields        | 4 |  4.0
Fighting       | 5 8 9 |  9.5
Invocations    | 5 7 |  7.0
Long Blades    | 2 9 11 | 11.1
Hexes          | 5 |  5.8
Throwing       | 4 |  4.8

Action                   |  1- 3 |  4- 6 |  7- 9 | 10-12 | 13-15 || total
-------------------------+-------+-------+-------+-------+-------++-------
Melee: Short sword       |    87 |       |       |       |       ||    87
       Dagger            |    44 |   145 |   409 |   594 |   487 ||  1679
       Scimitar          |       |       |       |     4 |    95 ||    99
Throw: Javelin           |       |       |       |     4 |       ||     4
Invok: Heroism           |       |       |       |       |     2 ||     2
 Abil: Evoke Invisibilit |       |       |    13 |    34 |    35 ||    82
Evoke: Wand              |       |    26 |    22 |    92 |    93 ||   233
       Phantom mirror    |       |       |       |       |     1 ||     1
  Use: Potion            |       |     4 |     1 |     8 |     1 ||    14
       Scroll            |       |     5 |     6 |    11 |     7 ||    29
 Stab: Sleeping          |     4 |     4 |    15 |    55 |    60 ||   138
       Invisible         |       |       |    32 |    71 |    76 ||   179
       Distracted        |       |       |     1 |     2 |       ||     3
       Paralysed         |       |       |       |     2 |     7 ||     9
       Confused          |       |       |       |       |     2 ||     2
  Eat: Chunk             |     2 |     6 |    17 |    23 |    26 ||    74
       Ration            |       |       |     1 |     4 |     3 ||     8
Armor: Leather armour    |    56 |    48 |     7 |       |       ||   111
       Skin              |       |     9 |       |    36 |       ||    45
       Robe              |       |       |    87 |    65 |    71 ||   223
Dodge: Dodged            |    85 |    68 |   155 |   277 |   342 ||   927
Block: Buckler           |       |       |       |    74 |    97 ||   171
       Rpst.: Scimitar   |       |       |       |       |    27 ||    27

Table legend:
 A = Spawn XP
 B = Non-spawn XP
 C = Spawn XP percentage of total XP
 D = Spawn monster count
 E = Non-spawn monster count
 F = Spawn count percentage of total count
 G = Total turns spent on level
                    A         B        C        D         E        F      G
               +---------+---------+-------+---------+---------+-------+---------
         Total |       0 |   95831 |   0.0 |       0 |     572 |   0.0 | 21202
               +---------+---------+-------+---------+---------+-------+---------
           D:1 |       0 |      50 |   0.0 |       0 |      30 |   0.0 |   916
           D:2 |       0 |      77 |   0.0 |       0 |      16 |   0.0 |   856
           D:3 |       0 |     133 |   0.0 |       0 |      23 |   0.0 |  1087
           D:4 |       0 |    1064 |   0.0 |       0 |      27 |   0.0 |   997
           D:5 |       0 |     615 |   0.0 |       0 |      21 |   0.0 |   907
           D:6 |       0 |     976 |   0.0 |       0 |      26 |   0.0 |   941
           D:7 |       0 |    1930 |   0.0 |       0 |      26 |   0.0 |   811
           D:8 |       0 |    5996 |   0.0 |       0 |      37 |   0.0 |  1738
           D:9 |       0 |    5746 |   0.0 |       0 |      52 |   0.0 |  1069
          D:10 |       0 |    4873 |   0.0 |       0 |      33 |   0.0 |  1671
        Lair:1 |       0 |    4875 |   0.0 |       0 |      15 |   0.0 |   961
        Lair:2 |       0 |    7680 |   0.0 |       0 |      31 |   0.0 |  1465
        Lair:3 |       0 |    9485 |   0.0 |       0 |      25 |   0.0 |  1473
        Lair:4 |       0 |    7846 |   0.0 |       0 |      26 |   0.0 |  1094
        Lair:5 |       0 |    6289 |   0.0 |       0 |      19 |   0.0 |  1622
        Lair:6 |       0 |   21610 |   0.0 |       0 |      61 |   0.0 |  1328
         Orc:1 |       0 |    3384 |   0.0 |       0 |      42 |   0.0 |   534
         Orc:2 |       0 |    6687 |   0.0 |       0 |      41 |   0.0 |   765
           Lab |       0 |    2291 |   0.0 |       0 |       7 |   0.0 |   316
       Volcano |       0 |    4224 |   0.0 |       0 |      14 |   0.0 |   328
               +---------+---------+-------+---------+---------+-------+---------
